Influenza vs Tamiflu
(R1)
Created - 9 octobre 2014 at 20:13
Goals
|
| Influenza |
3 |
3 |
3 |
9 |
| Tamiflu |
1 |
1 |
0 |
2 |
|
Shots
|
| Influenza |
21 |
10 |
9 |
40 |
| Tamiflu |
5 |
14 |
7 |
26 |
|
1st period
1. Influenza , Ryan Carter 4 (Martins Karsums, Robbie Earl) at 15:02 (PP)
2. Influenza , Jeremy Morin 3 (Pierre-Cédric Labrie, Zac Dalpe) at 15:41
3. Tamiflu , Adam Henrique 1 (Ben Hanowski) at 17:31
4. Influenza , Jaime Sifers 2 (Robbie Earl, Ryan Carter) at 18:23 (PP)
Penalties :
Garrett Wilson (Det) for Interference (Minor) at 9:36, Justin Braun (Det) for Slashing (Minor) at 14:13, Jan Mursak (Det) for Holding (Minor) at 17:32
2nd period
5. Influenza , Ryan Carter 5 (Martins Karsums) at 0:06
6. Tamiflu , Jan Mursak 2 (Mike Duco, Nate Thompson) at 14:23
7. Influenza , Pierre-Cédric Labrie 1 (Jaime Sifers, Alexander Sulzer) at 15:31 (PP)
8. Influenza , Robbie Earl 5 (Ryan Carter, Carl Gunnarsson) at 17:09
Penalties :
Rich Clune (Det) for Tripping (Minor) at 0:44, Garrett Wilson (Det) for Hooking (Minor) at 4:39, Rich Clune (Det) for Interference (Minor) at 6:08, Robbie Earl (VJB) for Holding (Minor) at 9:08, Greg Mauldin (Det) for Roughing (Minor) at 15:03, Jordan Hendry (Det) for Fighting (Major) at 18:13, Carl Gunnarsson (VJB) for Fighting (Major) at 18:13, Mike Duco (Det) for Fighting (Major) at 18:16, Ryan Carter (VJB) for Fighting (Major) at 18:16
3rd period
9. Influenza , Robbie Earl 6 (Martins Karsums, Brian Salcido) at 1:13
10. Influenza , Robbie Earl 7 (Ryan Carter) at 12:13
11. Influenza , Ryan Carter 6 (Matt Corrente) at 12:30
Penalties :
Carl Gunnarsson (VJB) for Hooking (Minor) at 6:56, Philip Samuelsson (Det) for Fighting (Major) at 9:22, Marek Zagrapan (VJB) for Fighting (Major) at 9:22, Marek Zagrapan (VJB) for instigated a fight (Minor) at 9:22, Marek Zagrapan (VJB) for instigated a fight (10 Minutes Misconduct) at 9:22, Nate Thompson (Det) for Fighting (Major) at 12:31, Martins Karsums (VJB) for Fighting (Major) at 12:31
Goalie Stats
Alex Stalock (VJB), 24 saves from 26 shots - (0,923), W, 2-2-2, 60:00 minutes
Joe Fallon (Det), 5 saves from 7 shots - (0,714), 18:47 minutes
Thomas Greiss (Det), 26 saves from 33 shots - (0,788), L, 0-3-0, 41:13 minutes
Players Stats for Influenza
Player Name G A P +/- PIM S H SB GA TA FO MP PP MP PK MP
------------------------------------------------------------------------------------
Alexander Sulzer 0 1 1 2 0 1 1 0 0 1 0/0 28:24 5:51 3:09
Brian Salcido 0 1 1 0 0 0 0 1 0 0 0/0 12:56 0:00 0:19
Carl Gunnarsson 0 1 1 2 7 2 0 2 0 0 0/0 17:58 3:43 1:48
Colin McDonald 0 0 0 0 0 1 0 0 1 0 0/0 7:37 0:00 0:00
Corey Tropp 0 0 0 0 0 0 3 0 1 0 1/2 10:57 0:00 1:33
Eric Wellwood 0 0 0 0 0 0 1 0 0 0 0/0 8:11 0:00 0:47
Jaime Sifers 1 1 2 2 0 3 4 0 0 0 0/0 28:15 5:51 3:09
Jeff Petry 0 0 0 -1 0 0 1 1 0 0 0/0 12:28 0:00 0:41
Jeremy Morin 1 0 1 0 0 1 2 0 0 0 0/0 15:56 3:37 0:00
Jordan Schroeder 0 0 0 0 0 2 1 0 0 0 1/1 9:09 0:00 0:48
Marek Zagrapan 0 0 0 1 17 0 0 0 0 0 1/4 9:24 0:00 0:17
Martins Karsums 0 3 3 4 5 6 1 0 1 0 3/5 21:16 5:57 1:08
Matt Corrente 0 1 1 3 0 2 3 0 0 0 0/0 20:15 3:43 2:48
Pierre-Cédric Labrie 1 1 2 0 0 6 1 1 1 1 0/0 17:21 3:37 1:08
Robbie Earl 3 2 5 4 2 5 1 1 2 0 1/8 24:29 5:57 2:47
Ryan Carter 3 3 6 3 5 7 0 0 0 0 19/34 22:54 5:57 3:17
Ryan Russell 0 0 0 0 0 0 0 0 0 0 0/1 10:12 0:00 0:09
Zac Dalpe 0 1 1 0 0 4 2 0 0 0 4/10 16:15 3:37 0:00
Players Stats for Tamiflu
Player Name G A P +/- PIM S H SB GA TA FO MP PP MP PK MP
------------------------------------------------------------------------------------
Adam Henrique 1 0 1 1 0 3 3 1 0 1 4/7 15:17 0:00 2:45
Ben Hanowski 0 1 1 1 0 1 4 0 0 0 1/2 14:10 0:00 0:00
Casey Wellman 0 0 0 0 0 0 0 0 0 0 0/0 0:00 0:00 0:00
Cody Goloubef 0 0 0 0 0 0 0 0 0 0 0/0 6:07 0:00 0:00
Colin Greening 0 0 0 -1 0 0 0 1 0 0 0/2 8:09 0:00 0:47
Garrett Wilson 0 0 0 1 4 1 0 0 0 0 0/0 13:57 0:00 0:59
Greg Mauldin 0 0 0 -1 2 2 0 1 0 0 4/8 20:04 2:24 4:47
Jan Mursak 1 0 1 -4 2 2 3 2 0 0 3/4 20:41 3:33 0:16
Johan Fransson 0 0 0 0 0 1 0 1 0 0 0/0 8:37 0:00 3:15
Jonathan Sigalet 0 0 0 -2 0 2 1 2 1 3 0/0 29:31 4:49 6:15
Jordan Hendry 0 0 0 -2 5 2 0 1 0 1 0/0 17:59 2:52 3:19
Justin Braun 0 0 0 0 2 0 0 0 0 0 0/0 7:49 0:00 0:00
Kyle Lawson 0 0 0 -1 0 1 1 0 0 1 0/0 12:10 0:05 0:04
Mattias Tedenby 0 0 0 -1 0 2 0 0 1 0 1/1 14:06 2:24 0:00
Mike Duco 0 1 1 -3 5 4 3 1 0 0 0/0 21:24 3:33 2:45
Nate Thompson 0 1 1 -4 5 4 0 2 0 0 22/41 25:48 3:33 5:35
Nathan Oystrick 0 0 0 -2 0 0 1 3 0 0 0/0 25:42 3:05 6:15
Philip Samuelsson 0 0 0 -1 5 0 0 1 0 0 0/0 12:11 1:03 0:00
Philippe Dupuis 0 0 0 0 0 0 0 0 0 0 0/0 0:35 0:00 0:00
Rich Clune 0 0 0 -1 4 1 3 0 0 0 0/0 15:28 2:24 0:43
Stefan Elliott 0 0 0 0 0 0 0 0 0 0 0/0 0:00 0:00 0:00
Teemu Laakso 0 0 0 0 0 0 0 0 0 0 0/0 0:00 0:00 0:00
Teigan Zahn 0 0 0 0 0 0 0 0 0 0 0/0 0:00 0:00 0:00
3 Stars
1 - Robbie Earl (VJB)
2 - Ryan Carter (VJB)
3 - Jaime Sifers (VJB)
Power Play
Influenza - 3 on 7 Attempt(s) - 42,86%
Tamiflu - 0 on 3 Attempt(s) - 0,00%
Penalty Kill
Influenza - 3 on 3 Attempt(s) - 100,00%
- Score 0 goal in Penalty Kill
Tamiflu - 4 on 7 Attempt(s) - 57,14%
- Score 0 goal in Penalty Kill
Official
Referees : Walkom Stephen and Auger Stephane
Linesman : Ryan Galloway and Scott Driscoll
Game Notes
Johan Fransson is injured at 7:20 of 2nd period (Left Foot)
Jordan Hendry and Carl Gunnarsson fight to a draw at 18:13 of 2nd period
Mike Duco beats up Ryan Carter at 18:16 of 2nd period
Joe Fallon enters game at 1:13 of 3rd period
Marek Zagrapan beats up Philip Samuelsson at 9:22 of 3rd period
Robbie Earl has scored a Hat Trick!
Ryan Carter has scored a Hat Trick!
Nate Thompson and Martins Karsums fight to a draw at 12:31 of 3rd period
Finance
Level 1 -- Attendance: 1433 (71,65%) -- Ticket Income 42 990 $
Level 2 -- Attendance: 795 (79,50%) -- Ticket Income 9 540 $
Total Attendance: 2228 (74,27%)
Total Ticket Income: 52 530 $
Other Income: 2 626 $
Total Income: 55 156 $
Influenza
5 vs 5 Forward
Center Left Wing Right Wing Time % Phy DF OF
1 Ryan Carter Robbie Earl Martins Karsums 40 1 2 2
2 Zac Dalpe Pierre-Cédric Labrie Jeremy Morin 30 1 2 2
3 Marek Zagrapan Ryan Russell Corey Tropp 20 1 2 2
4 Jordan Schroeder Eric Wellwood Colin McDonald 10 1 2 2
5 vs 5 Defense
Defense Defense Time % Phy DF OF
1 Alexander Sulzer Jaime Sifers 40 1 2 2
2 Matt Corrente Carl Gunnarsson 30 1 2 2
3 Brian Salcido Jeff Petry 20 1 2 2
4 Alexander Sulzer Jaime Sifers 10 1 2 2
PowerPlay Forward
Center Left Wing Right Wing Time % Phy DF OF
1 Ryan Carter Robbie Earl Martins Karsums 60 1 2 2
2 Zac Dalpe Pierre-Cédric Labrie Jeremy Morin 40 1 2 2
PowerPlay Defense
Defense Defense Time % Phy DF OF
1 Alexander Sulzer Jaime Sifers 60 1 2 2
2 Matt Corrente Carl Gunnarsson 40 1 2 2
Penalty Kill 4 Players Forward
Center Wing Time % Phy DF OF
1 Robbie Earl Ryan Carter 60 1 2 2
2 Martins Karsums Pierre-Cédric Labrie 40 1 2 2
Penalty Kill 4 Players Defense
Defense Defense Time % Phy DF OF
1 Alexander Sulzer Jaime Sifers 60 1 2 2
2 Matt Corrente Carl Gunnarsson 40 1 2 2
Penalty Kill - 3 Players Forward
Forward Time % Phy DF OF
1 Robbie Earl 60 1 2 2
2 Ryan Carter 40 1 2 2
Penalty Kill - 3 Players Defense
Defense Defense Time % Phy DF OF
1 Alexander Sulzer Jaime Sifers 60 1 2 2
2 Matt Corrente Carl Gunnarsson 40 1 2 2
4 vs 4 Forward
Center Wing Time % Phy DF OF
1 Robbie Earl Ryan Carter 60 1 2 2
2 Martins Karsums Pierre-Cédric Labrie 40 1 2 2
4 vs 4 Defense
Defense Defense Time % Phy DF OF
1 Alexander Sulzer Jaime Sifers 60 1 2 2
2 Matt Corrente Carl Gunnarsson 40 1 2 2
Last Minutes Offensive
Center Left Wing Right Wing Defense Defense
Ryan Carter Robbie Earl Martins Karsums Alexander Sulzer Jaime Sifers
Last Minutes Defensive
Center Left Wing Right Wing Defense Defense
Ryan Carter Robbie Earl Martins Karsums Alexander Sulzer Jaime Sifers
Goaltenders
Starting : Alex Stalock
Backup : Tyson Sexsmith
Extra Forwards
Normal : Marek Zagrapan, Ryan Russell, Corey Tropp - PP : Marek Zagrapan, Ryan Russell - PK : Corey Tropp
Extra Defensemen
Normal : Brian Salcido, Jeff Petry, Matt Corrente - PP : Brian Salcido - PK : Jeff Petry, Matt Corrente
Penalty Shots
Robbie Earl, Ryan Carter, Martins Karsums, Pierre-Cédric Labrie, Zac Dalpe
Tamiflu
5 vs 5 Forward
Center Left Wing Right Wing Time % Phy DF OF
1 Nate Thompson Jan Mursak Mike Duco 40 1 2 2
2 Greg Mauldin Rich Clune Mattias Tedenby 30 1 2 2
3 Adam Henrique Garrett Wilson Ben Hanowski 20 1 2 2
4 Colin Greening Nate Thompson Greg Mauldin 10 1 2 2
5 vs 5 Defense
Defense Defense Time % Phy DF OF
1 Jonathan Sigalet Nathan Oystrick 40 1 2 2
2 Jordan Hendry Johan Fransson 30 1 2 2
3 Philip Samuelsson Kyle Lawson 20 1 2 2
4 Justin Braun Cody Goloubef 10 1 2 2
PowerPlay Forward
Center Left Wing Right Wing Time % Phy DF OF
1 Nate Thompson Jan Mursak Mike Duco 60 1 2 2
2 Greg Mauldin Rich Clune Mattias Tedenby 40 1 2 2
PowerPlay Defense
Defense Defense Time % Phy DF OF
1 Jonathan Sigalet Nathan Oystrick 60 1 2 2
2 Jordan Hendry Johan Fransson 40 1 2 2
Penalty Kill 4 Players Forward
Center Wing Time % Phy DF OF
1 Nate Thompson Greg Mauldin 60 1 2 2
2 Adam Henrique Mike Duco 40 1 2 2
Penalty Kill 4 Players Defense
Defense Defense Time % Phy DF OF
1 Jonathan Sigalet Nathan Oystrick 60 1 2 2
2 Jordan Hendry Johan Fransson 40 1 2 2
Penalty Kill - 3 Players Forward
Forward Time % Phy DF OF
1 Nate Thompson 60 1 2 2
2 Greg Mauldin 40 1 2 2
Penalty Kill - 3 Players Defense
Defense Defense Time % Phy DF OF
1 Jonathan Sigalet Nathan Oystrick 60 1 2 2
2 Jordan Hendry Johan Fransson 40 1 2 2
4 vs 4 Forward
Center Wing Time % Phy DF OF
1 Nate Thompson Greg Mauldin 60 1 2 2
2 Adam Henrique Mike Duco 40 1 2 2
4 vs 4 Defense
Defense Defense Time % Phy DF OF
1 Jonathan Sigalet Nathan Oystrick 60 1 2 2
2 Jordan Hendry Johan Fransson 40 1 2 2
Last Minutes Offensive
Center Left Wing Right Wing Defense Defense
Nate Thompson Jan Mursak Mike Duco Jonathan Sigalet Nathan Oystrick
Last Minutes Defensive
Center Left Wing Right Wing Defense Defense
Nate Thompson Jan Mursak Mike Duco Jonathan Sigalet Nathan Oystrick
Goaltenders
Starting : Thomas Greiss
Backup : Joe Fallon
Extra Forwards
Normal : Ben Hanowski, Colin Greening, Garrett Wilson - PP : Ben Hanowski, Colin Greening - PK : Garrett Wilson
Extra Defensemen
Normal : Philip Samuelsson, Kyle Lawson, Justin Braun - PP : Philip Samuelsson - PK : Kyle Lawson, Justin Braun
Penalty Shots
Nate Thompson, Greg Mauldin, Adam Henrique, Mike Duco, Mattias Tedenby
% Time on Ice - Influenza
Lines # - Real PCT - Wanted PCT - Time Play
Normal Forward
1 - 35% - 40% - 15:46
2 - 28% - 30% - 12:36
3 - 20% - 20% - 8:47
4 - 16% - 10% - 7:20
Normal Defense
1 - 40% - 40% - 17:48
2 - 30% - 30% - 13:19
3 - 27% - 20% - 11:55
4 - 3% - 10% - 1:27
PP Forward
1 - 62% - 60% - 5:57
2 - 38% - 40% - 3:37
PP Defense
1 - 61% - 60% - 5:51
2 - 39% - 40% - 3:43
PK Forward
1 - 81% - 60% - 4:49
2 - 19% - 40% - 1:08
PK Defense
1 - 53% - 60% - 3:09
2 - 47% - 40% - 2:48
PK3 Forward
1 - 0% - 60%
2 - 0% - 40%
PK3 Defense
1 - 0% - 60%
2 - 0% - 40%
44 Forward
1 - 0% - 60%
2 - 0% - 40%
44 Defense
1 - 0% - 60%
2 - 0% - 40%
Last Minute Offensive - 0:00
Last Minute Defensive - 0:00
Total
Forward - 60:00
Defense - 60:00
|
% Time on Ice - Tamiflu
Lines # - Real PCT - Wanted PCT - Time Play
Normal Forward
1 - 39% - 40% - 17:28
2 - 28% - 30% - 12:37
3 - 26% - 20% - 11:30
4 - 7% - 10% - 2:54
Normal Defense
1 - 37% - 40% - 16:22
2 - 33% - 30% - 14:50
3 - 16% - 20% - 7:10
4 - 14% - 10% - 6:07
PP Forward
1 - 60% - 60% - 3:33
2 - 40% - 40% - 2:24
PP Defense
1 - 52% - 60% - 3:05
2 - 48% - 40% - 2:52
PK Forward
1 - 70% - 60% - 6:19
2 - 30% - 40% - 2:45
PK Defense
1 - 63% - 60% - 5:45
2 - 37% - 40% - 3:19
PK3 Forward
1 - 100% - 60% - 0:30
2 - 0% - 40% - 0:00
PK3 Defense
1 - 100% - 60% - 0:30
2 - 0% - 40% - 0:00
44 Forward
1 - 0% - 60%
2 - 0% - 40%
44 Defense
1 - 0% - 60%
2 - 0% - 40%
Last Minute Offensive - 0:00
Last Minute Defensive - 0:00
Total
Forward - 60:00
Defense - 60:00
|
Play by Play
1st period
0:01 of 1st period - Nate Thompson wins face-off versus Ryan Carter in neutral zone.
0:51 of 1st period - Johan Fransson is hit by Corey Tropp and loses puck.
2:08 of 1st period - Johan Fransson is hit by Jaime Sifers and loses puck.
3:27 of 1st period - Marek Zagrapan is hit by Adam Henrique and loses puck.
4:27 of 1st period - Snap shot by Martins Karsums.
4:27 of 1st period - Stopped by Thomas Greiss with a rebound.
4:33 of 1st period - Jaime Sifers is hit by Ben Hanowski.
5:10 of 1st period - Wrist shot by Zac Dalpe.
5:10 of 1st period - Stopped by Thomas Greiss with a rebound.
5:12 of 1st period - Slapshot by Matt Corrente.
5:12 of 1st period - Stopped by Thomas Greiss without a rebound.
5:13 of 1st period - Ryan Carter wins face-off versus Greg Mauldin in Tamiflu zone.
5:16 of 1st period - Snap shot by Martins Karsums.
5:16 of 1st period - Shot Blocked by Nathan Oystrick.
5:24 of 1st period - Slapshot by Ryan Carter.
5:24 of 1st period - Deflect By Martins Karsums.
5:24 of 1st period - Stopped by Thomas Greiss with a rebound.
5:26 of 1st period - Slapshot by Brian Salcido.
5:26 of 1st period - Deflect By Robbie Earl.
5:26 of 1st period - Shot Misses the Net.
5:26 of 1st period - Puck is out of play.
5:27 of 1st period - Jan Mursak wins face-off versus Ryan Carter in Tamiflu zone.
5:34 of 1st period - Wrist shot by Mike Duco.
5:34 of 1st period - Stopped by Alex Stalock without a rebound.
5:35 of 1st period - Nate Thompson wins face-off versus Ryan Carter in Influenza zone.
5:36 of 1st period - Slapshot by Jan Mursak.
5:36 of 1st period - Deflect By Alexander Sulzer.
5:36 of 1st period - Shot Misses the Net.
5:36 of 1st period - Puck is out of play.
5:37 of 1st period - Ryan Carter wins face-off versus Jan Mursak in Influenza zone.
5:37 of 1st period - Ryan Carter is hit by Jan Mursak.
6:33 of 1st period - Snap shot by Martins Karsums.
6:33 of 1st period - Shot Blocked by Nathan Oystrick.
6:35 of 1st period - Slapshot by Alexander Sulzer.
6:35 of 1st period - Shot Blocked by Jan Mursak.
6:37 of 1st period - Slapshot by Jaime Sifers.
6:37 of 1st period - Stopped by Thomas Greiss with a rebound.
6:39 of 1st period - Wrist shot by Robbie Earl.
6:39 of 1st period - Shot Misses the Net.
6:45 of 1st period - Wrist shot by Ryan Carter.
6:45 of 1st period - Shot Blocked by Nate Thompson.
6:47 of 1st period - Slapshot by Jaime Sifers.
6:47 of 1st period - Stopped by Thomas Greiss with a rebound.
6:49 of 1st period - Slapshot by Alexander Sulzer.
6:49 of 1st period - Shot Blocked by Jonathan Sigalet.
6:51 of 1st period - Wrist shot by Martins Karsums.
6:51 of 1st period - Stopped by Thomas Greiss with a rebound.
6:53 of 1st period - Backhand shot by Martins Karsums.
6:53 of 1st period - Stopped by Thomas Greiss without a rebound.
6:54 of 1st period - Greg Mauldin wins face-off versus Zac Dalpe in Tamiflu zone.
7:03 of 1st period - Slapshot by Mattias Tedenby.
7:03 of 1st period - Stopped by Alex Stalock with a rebound.
8:00 of 1st period - Justin Braun is hit by Jeff Petry and loses puck.
8:34 of 1st period - Rich Clune is hit by Eric Wellwood and loses puck.
9:36 of 1st period - Minor Penalty to Garrett Wilson for Interference.
9:37 of 1st period - Nate Thompson wins face-off versus Martins Karsums in Tamiflu zone.
9:46 of 1st period - Snap shot by Ryan Carter.
9:46 of 1st period - Deflect By Greg Mauldin.
9:46 of 1st period - Shot Blocked by Greg Mauldin.
9:46 of 1st period - Puck is out of play.
9:47 of 1st period - Ryan Carter wins face-off versus Nate Thompson in Tamiflu zone.
9:56 of 1st period - Wrist shot by Ryan Carter.
9:56 of 1st period - Stopped by Thomas Greiss with a rebound.
10:16 of 1st period - Slapshot by Ryan Carter.
10:16 of 1st period - Shot Hit the Post.
10:38 of 1st period - Snap shot by Ryan Carter.
10:38 of 1st period - Deflect By Martins Karsums.
10:38 of 1st period - Shot Misses the Net.
10:38 of 1st period - Puck is out of play.
10:39 of 1st period - Zac Dalpe wins face-off versus Adam Henrique in Tamiflu zone.
10:48 of 1st period - Snap shot by Zac Dalpe.
10:48 of 1st period - Stopped by Thomas Greiss with a rebound.
10:50 of 1st period - Wrist shot by Alexander Sulzer.
10:50 of 1st period - Shot Blocked by Johan Fransson.
10:54 of 1st period - Wrist shot by Pierre-Cédric Labrie.
10:54 of 1st period - Stopped by Thomas Greiss with a rebound.
11:36 of 1st period - Penalty to Garrett Wilson is over, Garrett Wilson is back on ice.
12:18 of 1st period - Johan Fransson is hit by Corey Tropp and loses puck.
13:10 of 1st period - Icing by Mattias Tedenby.
13:11 of 1st period - Nate Thompson wins face-off versus Ryan Carter in Tamiflu zone.
13:23 of 1st period - Snap shot by Nate Thompson.
13:23 of 1st period - Stopped by Alex Stalock with a rebound.
13:33 of 1st period - Snap shot by Zac Dalpe.
13:33 of 1st period - Shot Misses the Net.
14:10 of 1st period - Snap shot by Jordan Schroeder.
14:10 of 1st period - Stopped by Thomas Greiss without a rebound.
14:11 of 1st period - Nate Thompson wins face-off versus Ryan Carter in Tamiflu zone.
14:13 of 1st period - Minor Penalty to Justin Braun for Slashing.
14:14 of 1st period - Ryan Carter wins face-off versus Nate Thompson in Tamiflu zone.
14:48 of 1st period - Slapshot by Pierre-Cédric Labrie.
14:48 of 1st period - Stopped by Thomas Greiss without a rebound.
14:49 of 1st period - Adam Henrique wins face-off versus Ryan Carter in Tamiflu zone.
15:02 of 1st period - Wrist shot by Ryan Carter.
15:02 of 1st period - Goal by Ryan Carter - Influenza : 1 - Tamiflu : 0.
15:03 of 1st period - Jan Mursak wins face-off versus Ryan Carter in neutral zone.
15:06 of 1st period - Backhand shot by Mike Duco.
15:06 of 1st period - Stopped by Alex Stalock with a rebound.
15:28 of 1st period - Nathan Oystrick is hit by Zac Dalpe and loses puck.
15:39 of 1st period - Wrist shot by Pierre-Cédric Labrie.
15:39 of 1st period - Stopped by Thomas Greiss with a rebound.
15:41 of 1st period - Wrist shot by Jeremy Morin.
15:41 of 1st period - Goal by Jeremy Morin - Influenza : 2 - Tamiflu : 0.
15:42 of 1st period - Nate Thompson wins face-off versus Ryan Carter in neutral zone.
15:45 of 1st period - Alexander Sulzer is hit by Jan Mursak and loses puck.
15:58 of 1st period - Martins Karsums is hit by Mike Duco.
17:09 of 1st period - Off-side.
17:10 of 1st period - Ryan Carter wins face-off versus Colin Greening in neutral zone.
17:31 of 1st period - Snap shot by Adam Henrique.
17:31 of 1st period - Goal by Adam Henrique - Influenza : 2 - Tamiflu : 1.
17:32 of 1st period - Nate Thompson wins face-off versus Ryan Carter in neutral zone.
17:32 of 1st period - Minor Penalty to Jan Mursak for Holding.
17:33 of 1st period - Greg Mauldin wins face-off versus Ryan Carter in Tamiflu zone.
17:33 of 1st period - Greg Mauldin is hit by Jaime Sifers.
17:47 of 1st period - Snap shot by Robbie Earl.
17:47 of 1st period - Shot Misses the Net.
18:11 of 1st period - Wrist shot by Ryan Carter.
18:11 of 1st period - Shot Misses the Net.
18:21 of 1st period - Snap shot by Robbie Earl.
18:21 of 1st period - Shot Blocked by Mike Duco.
18:23 of 1st period - Snap shot by Jaime Sifers.
18:23 of 1st period - Goal by Jaime Sifers - Influenza : 3 - Tamiflu : 1.
18:24 of 1st period - Zac Dalpe wins face-off versus Nate Thompson in neutral zone.
18:27 of 1st period - Wrist shot by Zac Dalpe.
18:27 of 1st period - Shot Blocked by Nate Thompson.
18:29 of 1st period - Snap shot by Jeremy Morin.
18:29 of 1st period - Deflect By Zac Dalpe.
18:29 of 1st period - Stopped by Thomas Greiss without a rebound.
18:30 of 1st period - Zac Dalpe wins face-off versus Nate Thompson in Tamiflu zone.
18:37 of 1st period - Backhand shot by Pierre-Cédric Labrie.
18:37 of 1st period - Stopped by Thomas Greiss with a rebound.
18:39 of 1st period - Wrist shot by Matt Corrente.
18:39 of 1st period - Deflect By Jan Mursak.
18:39 of 1st period - Stopped by Thomas Greiss without a rebound.
18:40 of 1st period - Ryan Carter wins face-off versus Nate Thompson in Tamiflu zone.
18:47 of 1st period - Wrist shot by Ryan Carter.
18:47 of 1st period - Deflect By Robbie Earl.
18:47 of 1st period - Stopped by Thomas Greiss with a rebound.
19:53 of 1st period - Alexander Sulzer is hit by Mike Duco and loses puck.
Goals for this period are 3 for Influenza vs 1 for Tamiflu.
Shots for this period are 21 for Influenza vs 5 for Tamiflu.
2nd period
0:01 of 2nd period - Ryan Carter wins face-off versus Nate Thompson in neutral zone.
0:06 of 2nd period - Wrist shot by Ryan Carter.
0:06 of 2nd period - Goal by Ryan Carter - Influenza : 4 - Tamiflu : 1.
0:07 of 2nd period - Nate Thompson wins face-off versus Ryan Carter in neutral zone.
0:18 of 2nd period - Snap shot by Nate Thompson.
0:18 of 2nd period - Shot Blocked by Robbie Earl.
0:24 of 2nd period - Robbie Earl is hit by Jan Mursak and loses puck.
0:44 of 2nd period - Minor Penalty to Rich Clune for Tripping.
0:45 of 2nd period - Ryan Carter wins face-off versus Nate Thompson in Tamiflu zone.
2:44 of 2nd period - Penalty to Rich Clune is over, Rich Clune is back on ice.
3:05 of 2nd period - Slapshot by Jordan Hendry.
3:05 of 2nd period - Stopped by Alex Stalock with a rebound.
3:07 of 2nd period - Wrist shot by Johan Fransson.
3:07 of 2nd period - Shot Misses the Net.
3:09 of 2nd period - Snap shot by Rich Clune.
3:09 of 2nd period - Stopped by Alex Stalock with a rebound.
3:11 of 2nd period - Snap shot by Johan Fransson.
3:11 of 2nd period - Stopped by Alex Stalock without a rebound.
3:12 of 2nd period - Jordan Schroeder wins face-off versus Colin Greening in Influenza zone.
4:39 of 2nd period - Minor Penalty to Garrett Wilson for Hooking.
4:40 of 2nd period - Ryan Carter wins face-off versus Nate Thompson in Tamiflu zone.
6:02 of 2nd period - Matt Corrente is hit by Nathan Oystrick.
6:08 of 2nd period - Minor Penalty to Rich Clune for Interference.
6:09 of 2nd period - Nate Thompson wins face-off versus Zac Dalpe in Tamiflu zone.
6:34 of 2nd period - Jonathan Sigalet is hit by Martins Karsums and loses puck.
6:39 of 2nd period - Penalty to Garrett Wilson is over, Garrett Wilson is back on ice.
6:53 of 2nd period - Wrist shot by Greg Mauldin.
6:53 of 2nd period - Stopped by Alex Stalock without a rebound.
6:54 of 2nd period - Nate Thompson wins face-off versus Zac Dalpe in Influenza zone.
6:55 of 2nd period - Snap shot by Greg Mauldin.
6:55 of 2nd period - Shot Misses the Net.
7:19 of 2nd period - Johan Fransson is hit by Alexander Sulzer.
7:20 of 2nd period - Johan Fransson from Tamiflu is injured at 7:20 of 2nd period (Left Foot).
7:21 of 2nd period - Nate Thompson wins face-off versus Ryan Carter in Tamiflu zone.
8:08 of 2nd period - Penalty to Rich Clune is over, Rich Clune is back on ice.
8:29 of 2nd period - Icing by Adam Henrique.
8:30 of 2nd period - Ryan Carter wins face-off versus Adam Henrique in Tamiflu zone.
9:01 of 2nd period - Snap shot by Jan Mursak.
9:01 of 2nd period - Shot Misses the Net.
9:03 of 2nd period - Wrist shot by Nate Thompson.
9:03 of 2nd period - Shot Blocked by Brian Salcido.
9:05 of 2nd period - Wrist shot by Nate Thompson.
9:05 of 2nd period - Deflect By Jan Mursak.
9:05 of 2nd period - Shot Blocked by Jeff Petry.
9:05 of 2nd period - Puck is out of play.
9:06 of 2nd period - Ryan Carter wins face-off versus Nate Thompson in Influenza zone.
9:08 of 2nd period - Minor Penalty to Robbie Earl for Holding.
9:09 of 2nd period - Corey Tropp wins face-off versus Nate Thompson in Influenza zone.
9:09 of 2nd period - Corey Tropp is hit by Mike Duco.
9:24 of 2nd period - Snap shot by Nate Thompson.
9:24 of 2nd period - Stopped by Alex Stalock without a rebound.
9:25 of 2nd period - Nate Thompson wins face-off versus Corey Tropp in Influenza zone.
9:36 of 2nd period - Nate Thompson is hit by Jaime Sifers and loses puck.
10:04 of 2nd period - Slapshot by Jonathan Sigalet.
10:04 of 2nd period - Shot Blocked by Carl Gunnarsson.
11:08 of 2nd period - Penalty to Robbie Earl is over, Robbie Earl is back on ice.
11:21 of 2nd period - Wrist shot by Zac Dalpe.
11:21 of 2nd period - Deflect By Pierre-Cédric Labrie.
11:21 of 2nd period - Stopped by Thomas Greiss without a rebound.
11:22 of 2nd period - Zac Dalpe wins face-off versus Ben Hanowski in Tamiflu zone.
11:29 of 2nd period - Pierre-Cédric Labrie is hit by Adam Henrique and loses puck.
11:54 of 2nd period - Wrist shot by Ryan Carter.
11:54 of 2nd period - Stopped by Thomas Greiss with a rebound.
11:56 of 2nd period - Snap shot by Martins Karsums.
11:56 of 2nd period - Stopped by Thomas Greiss without a rebound.
11:57 of 2nd period - Ryan Carter wins face-off versus Greg Mauldin in Tamiflu zone.
12:24 of 2nd period - Jan Mursak is hit by Zac Dalpe and loses puck.
12:31 of 2nd period - Wrist shot by Zac Dalpe.
12:31 of 2nd period - Stopped by Thomas Greiss with a rebound.
12:33 of 2nd period - Backhand shot by Carl Gunnarsson.
12:33 of 2nd period - Shot Blocked by Jan Mursak.
12:55 of 2nd period - Slapshot by Jordan Schroeder.
12:55 of 2nd period - Stopped by Thomas Greiss with a rebound.
13:11 of 2nd period - Snap shot by Adam Henrique.
13:11 of 2nd period - Stopped by Alex Stalock without a rebound.
13:12 of 2nd period - Martins Karsums wins face-off versus Nate Thompson in Influenza zone.
13:50 of 2nd period - Snap shot by Marek Zagrapan.
13:50 of 2nd period - Shot Misses the Net.
14:17 of 2nd period - Wrist shot by Nate Thompson.
14:17 of 2nd period - Shot Misses the Net.
14:19 of 2nd period - Wrist shot by Mike Duco.
14:19 of 2nd period - Stopped by Alex Stalock with a rebound.
14:21 of 2nd period - Wrist shot by Mike Duco.
14:21 of 2nd period - Shot Blocked by Carl Gunnarsson.
14:23 of 2nd period - Snap shot by Jan Mursak.
14:23 of 2nd period - Goal by Jan Mursak - Influenza : 4 - Tamiflu : 2.
14:24 of 2nd period - Ryan Carter wins face-off versus Greg Mauldin in neutral zone.
14:39 of 2nd period - Wrist shot by Ryan Carter.
14:39 of 2nd period - Stopped by Thomas Greiss without a rebound.
14:40 of 2nd period - Adam Henrique wins face-off versus Zac Dalpe in Tamiflu zone.
14:47 of 2nd period - Alexander Sulzer is hit by Ben Hanowski and loses puck.
15:03 of 2nd period - Minor Penalty to Greg Mauldin for Roughing.
15:04 of 2nd period - Nate Thompson wins face-off versus Ryan Carter in Tamiflu zone.
15:17 of 2nd period - Snap shot by Jaime Sifers.
15:17 of 2nd period - Shot Blocked by Jonathan Sigalet.
15:19 of 2nd period - Slapshot by Alexander Sulzer.
15:19 of 2nd period - Stopped by Thomas Greiss without a rebound.
15:20 of 2nd period - Nate Thompson wins face-off versus Zac Dalpe in Tamiflu zone.
15:29 of 2nd period - Slapshot by Jaime Sifers.
15:29 of 2nd period - Shot Blocked by Nathan Oystrick.
15:31 of 2nd period - Backhand shot by Pierre-Cédric Labrie.
15:31 of 2nd period - Goal by Pierre-Cédric Labrie - Influenza : 5 - Tamiflu : 2.
15:32 of 2nd period - Ryan Carter wins face-off versus Nate Thompson in neutral zone.
15:41 of 2nd period - Snap shot by Jan Mursak.
15:41 of 2nd period - Stopped by Alex Stalock with a rebound.
15:43 of 2nd period - Snap shot by Mike Duco.
15:43 of 2nd period - Stopped by Alex Stalock without a rebound.
15:44 of 2nd period - Ryan Carter wins face-off versus Nate Thompson in Influenza zone.
16:15 of 2nd period - Slapshot by Jonathan Sigalet.
16:15 of 2nd period - Shot Misses the Net.
16:35 of 2nd period - Snap shot by Garrett Wilson.
16:35 of 2nd period - Stopped by Alex Stalock with a rebound.
16:37 of 2nd period - Slapshot by Adam Henrique.
16:37 of 2nd period - Stopped by Alex Stalock without a rebound.
16:38 of 2nd period - Adam Henrique wins face-off versus Ryan Russell in Influenza zone.
17:09 of 2nd period - Wrist shot by Robbie Earl.
17:09 of 2nd period - Goal by Robbie Earl - Influenza : 6 - Tamiflu : 2.
17:10 of 2nd period - Jan Mursak wins face-off versus Martins Karsums in neutral zone.
17:21 of 2nd period - Wrist shot by Jan Mursak.
17:21 of 2nd period - Shot Misses the Net.
17:23 of 2nd period - Snap shot by Nate Thompson.
17:23 of 2nd period - Stopped by Alex Stalock without a rebound.
17:24 of 2nd period - Ryan Carter wins face-off versus Nate Thompson in Influenza zone.
17:29 of 2nd period - Slapshot by Alexander Sulzer.
17:29 of 2nd period - Shot Misses the Net.
17:58 of 2nd period - Wrist shot by Mattias Tedenby.
17:58 of 2nd period - Stopped by Alex Stalock without a rebound.
17:59 of 2nd period - Ryan Carter wins face-off versus Nate Thompson in Influenza zone.
18:13 of 2nd period - Jordan Hendry and Carl Gunnarsson fight to a draw.
18:13 of 2nd period - Penalty to Jordan Hendry for Fighting.
18:13 of 2nd period - Penalty to Carl Gunnarsson for Fighting.
18:14 of 2nd period - Ryan Carter wins face-off versus Nate Thompson in neutral zone.
18:16 of 2nd period - Mike Duco beats up Ryan Carter.
18:16 of 2nd period - Penalty to Mike Duco for Fighting.
18:16 of 2nd period - Penalty to Ryan Carter for Fighting.
18:17 of 2nd period - Nate Thompson wins face-off versus Robbie Earl in neutral zone.
19:30 of 2nd period - Snap shot by Martins Karsums.
19:30 of 2nd period - Shot Misses the Net.
19:40 of 2nd period - Nate Thompson is hit by Matt Corrente and loses puck.
Goals for this period are 3 for Influenza vs 1 for Tamiflu.
Shots for this period are 10 for Influenza vs 14 for Tamiflu.
3rd period
0:01 of 3rd period - Nate Thompson wins face-off versus Marek Zagrapan in neutral zone.
0:32 of 3rd period - Jaime Sifers is hit by Rich Clune and loses puck.
1:00 of 3rd period - Snap shot by Colin McDonald.
1:00 of 3rd period - Stopped by Thomas Greiss without a rebound.
1:01 of 3rd period - Martins Karsums wins face-off versus Nate Thompson in Tamiflu zone.
1:13 of 3rd period - Snap shot by Robbie Earl.
1:13 of 3rd period - Goal by Robbie Earl - Influenza : 7 - Tamiflu : 2.
1:13 of 3rd period - Joe Fallon enters game.
1:14 of 3rd period - Marek Zagrapan wins face-off versus Nate Thompson in neutral zone.
1:39 of 3rd period - Mattias Tedenby is hit by Pierre-Cédric Labrie.
2:12 of 3rd period - Pierre-Cédric Labrie is hit by Adam Henrique and loses puck.
2:39 of 3rd period - Snap shot by Greg Mauldin.
2:39 of 3rd period - Shot Misses the Net.
2:55 of 3rd period - Matt Corrente is hit by Ben Hanowski and loses puck.
3:44 of 3rd period - Adam Henrique is hit by Robbie Earl and loses puck.
4:48 of 3rd period - Snap shot by Ryan Carter.
4:48 of 3rd period - Shot Blocked by Adam Henrique.
4:50 of 3rd period - Slapshot by Carl Gunnarsson.
4:50 of 3rd period - Shot Blocked by Philip Samuelsson.
5:27 of 3rd period - Jan Mursak is hit by Jeremy Morin and loses puck.
5:47 of 3rd period - Rich Clune is hit by Matt Corrente and loses puck.
6:18 of 3rd period - Adam Henrique is hit by Jordan Schroeder and loses puck.
6:36 of 3rd period - Philip Samuelsson is hit by Jaime Sifers and loses puck.
6:56 of 3rd period - Minor Penalty to Carl Gunnarsson for Hooking.
6:57 of 3rd period - Nate Thompson wins face-off versus Robbie Earl in Influenza zone.
7:00 of 3rd period - Slapshot by Jan Mursak.
7:00 of 3rd period - Shot Misses the Net.
7:02 of 3rd period - Slapshot by Nate Thompson.
7:02 of 3rd period - Stopped by Alex Stalock with a rebound.
7:04 of 3rd period - Slapshot by Nathan Oystrick.
7:04 of 3rd period - Shot Misses the Net.
7:06 of 3rd period - Wrist shot by Jonathan Sigalet.
7:06 of 3rd period - Deflect By Jan Mursak.
7:06 of 3rd period - Shot Misses the Net.
7:06 of 3rd period - Puck is out of play.
7:07 of 3rd period - Nate Thompson wins face-off versus Robbie Earl in Influenza zone.
7:12 of 3rd period - Snap shot by Jonathan Sigalet.
7:12 of 3rd period - Stopped by Alex Stalock without a rebound.
7:13 of 3rd period - Nate Thompson wins face-off versus Robbie Earl in Influenza zone.
8:56 of 3rd period - Penalty to Carl Gunnarsson is over, Carl Gunnarsson is back on ice.
9:00 of 3rd period - Carl Gunnarsson is hit by Ben Hanowski and loses puck.
9:06 of 3rd period - Off-side.
9:07 of 3rd period - Adam Henrique wins face-off versus Marek Zagrapan in neutral zone.
9:09 of 3rd period - Off-side.
9:10 of 3rd period - Greg Mauldin wins face-off versus Marek Zagrapan in neutral zone.
9:13 of 3rd period - Ryan Russell is hit by Rich Clune and loses puck.
9:22 of 3rd period - Marek Zagrapan beats up Philip Samuelsson.
9:22 of 3rd period - Penalty to Philip Samuelsson for Fighting.
9:22 of 3rd period - Penalty to Marek Zagrapan for Fighting.
9:22 of 3rd period - Penalty to Marek Zagrapan for instigated a fight.
9:22 of 3rd period - Penalty to Marek Zagrapan for instigated a fight.
9:23 of 3rd period - Robbie Earl wins face-off versus Nate Thompson in Tamiflu zone.
9:55 of 3rd period - Wrist shot by Greg Mauldin.
9:55 of 3rd period - Stopped by Alex Stalock without a rebound.
9:56 of 3rd period - Nate Thompson wins face-off versus Robbie Earl in Influenza zone.
9:57 of 3rd period - Backhand shot by Jonathan Sigalet.
9:57 of 3rd period - Stopped by Alex Stalock with a rebound.
10:17 of 3rd period - Slapshot by Martins Karsums.
10:17 of 3rd period - Stopped by Joe Fallon with a rebound.
10:19 of 3rd period - Snap shot by Carl Gunnarsson.
10:19 of 3rd period - Stopped by Joe Fallon without a rebound.
10:20 of 3rd period - Mattias Tedenby wins face-off versus Robbie Earl in Tamiflu zone.
10:25 of 3rd period - Robbie Earl is hit by Jonathan Sigalet and loses puck.
11:22 of 3rd period - Penalty to Marek Zagrapan is over, Corey Tropp is send on ice.
11:26 of 3rd period - Icing by Corey Tropp.
11:27 of 3rd period - Martins Karsums wins face-off versus Adam Henrique in Influenza zone.
11:27 of 3rd period - Martins Karsums is hit by Kyle Lawson.
11:38 of 3rd period - Wrist shot by Jeremy Morin.
11:38 of 3rd period - Shot Blocked by Jordan Hendry.
12:13 of 3rd period - Slapshot by Robbie Earl.
12:13 of 3rd period - Goal by Robbie Earl - Influenza : 8 - Tamiflu : 2.
12:14 of 3rd period - Nate Thompson wins face-off versus Ryan Carter in neutral zone.
12:30 of 3rd period - Snap shot by Ryan Carter.
12:30 of 3rd period - Goal by Ryan Carter - Influenza : 9 - Tamiflu : 2.
12:31 of 3rd period - Nate Thompson wins face-off versus Robbie Earl in neutral zone.
12:31 of 3rd period - Nate Thompson and Martins Karsums fight to a draw.
12:31 of 3rd period - Penalty to Nate Thompson for Fighting.
12:31 of 3rd period - Penalty to Martins Karsums for Fighting.
12:32 of 3rd period - Ben Hanowski wins face-off versus Ryan Carter in neutral zone.
12:59 of 3rd period - Wrist shot by Greg Mauldin.
12:59 of 3rd period - Shot Hit the Post.
13:01 of 3rd period - Slapshot by Kyle Lawson.
13:01 of 3rd period - Stopped by Alex Stalock without a rebound.
13:02 of 3rd period - Greg Mauldin wins face-off versus Zac Dalpe in Influenza zone.
13:03 of 3rd period - Slapshot by Mattias Tedenby.
13:03 of 3rd period - Deflect By Rich Clune.
13:03 of 3rd period - Shot Misses the Net.
13:03 of 3rd period - Puck is out of play.
13:04 of 3rd period - Ryan Carter wins face-off versus Greg Mauldin in Influenza zone.
13:15 of 3rd period - Snap shot by Ryan Carter.
13:15 of 3rd period - Deflect By Robbie Earl.
13:15 of 3rd period - Stopped by Joe Fallon with a rebound.
13:17 of 3rd period - Snap shot by Ryan Russell.
13:17 of 3rd period - Shot Misses the Net.
13:29 of 3rd period - Snap shot by Jan Mursak.
13:29 of 3rd period - Shot Blocked by Pierre-Cédric Labrie.
13:31 of 3rd period - Snap shot by Ben Hanowski.
13:31 of 3rd period - Stopped by Alex Stalock with a rebound.
13:33 of 3rd period - Snap shot by Kyle Lawson.
13:33 of 3rd period - Shot Misses the Net.
13:51 of 3rd period - Jonathan Sigalet is hit by Matt Corrente and loses puck.
14:20 of 3rd period - Snap shot by Ryan Carter.
14:20 of 3rd period - Stopped by Joe Fallon with a rebound.
14:22 of 3rd period - Snap shot by Ryan Carter.
14:22 of 3rd period - Shot Blocked by Colin Greening.
14:24 of 3rd period - Wrist shot by Carl Gunnarsson.
14:24 of 3rd period - Stopped by Joe Fallon with a rebound.
14:59 of 3rd period - Snap shot by Jordan Hendry.
14:59 of 3rd period - Stopped by Alex Stalock with a rebound.
15:21 of 3rd period - Garrett Wilson is hit by Jeremy Morin and loses puck.
17:57 of 3rd period - Alexander Sulzer is hit by Rich Clune and loses puck.
18:38 of 3rd period - Nate Thompson is hit by Corey Tropp and loses puck.
19:22 of 3rd period - 10 Minutes Game Misconduct Penalty to Marek Zagrapan is over.
Goals for this period are 3 for Influenza vs 0 for Tamiflu.
Shots for this period are 9 for Influenza vs 7 for Tamiflu.
Output by the SimonT Hockey Simulator (STHS) for François Prévost -- Original Page W3C XHTML 1.0 Valid